Map: Shrines of Lizul

Players

MonstroTown

  • Race: Terran Terran
  • Spawn Location: 3:00

Michael

  • Race: Zerg Zerg
  • League: Gold
  • Spawn Location: 12:00

Alizee

  • Race: Zerg Zerg
  • League: Diamond
  • Spawn Location: 6:00

Dreamer

  • Race: Protoss Protoss
  • League: Gold
  • Spawn Location: 9:00

VOD

Have the link to the VOD?

Description

Time

  • Played on: Sept. 17, 2018, 6:31 p.m.
  • Length: 6:38
Show
View Real Time Build Order
Export as new Build Order

MonstroTown Terran 

Build Orders:  

Get SALT Encoding   

  12  0:01  SCV  
  13  0:13  SCV  
  14  0:18  Supply Depot  
  14  0:25  SCV  
  15  0:39  SCV  
  15  0:41  Barracks  
  16  0:51  SCV  
  16  0:57  Barracks  
  17  1:04  SCV  
  18  1:13  Supply Depot  
  18  1:16  SCV  
  19  1:23  Barracks  
  19  1:30  Marine  
  20  1:39  Barracks  
  20  1:44  Marine  
  21  1:52  Supply Depot, Marine  
  22  2:02  Marine  
  23  2:10  Marine  
  23  2:11  Marine  
  25  2:16  Orbital Command  
  25  2:21  Marine  
  26  2:27  Marine  
  26  2:29  Marine  
  27  2:35  Supply Depot, Marine  
  29  2:44  Marine  
  29  2:45  Marine  
  29  2:49  Marine  
  32  3:00  Marine  
  32  3:05  Marine  
  33  3:06  Marine  
  35  3:14  Marine  
  35  3:18  Marine  
  37  3:23  Marine x2  
  39  3:29  Supply Depot  
  39  3:32  Marine  
  40  3:39  Marine  
  40  3:41  Marine  
  42  4:02  Marine x2  
  44  4:04  Marine  
  45  4:17  Marine  
  46  4:26  Command Center  
  44  4:51  Refinery  
  44  4:52  Refinery  
  44  5:05  Command Center, Marine x3  
  47  5:10  Supply Depot  
  47  5:16  Supply Depot  
  47  5:17  Barracks  
  47  5:18  SCV  
  48  5:33  Marine  
  50  5:36  SCV  
  50  5:38  Barracks Tech Lab  
  50  5:39  Barracks Tech Lab  
  22  6:00  Marauder x2  
  26  6:13  Orbital Command  
Show
View Real Time Build Order
Export as new Build Order

Michael Zerg 

Build Orders: Pool First 

Get SALT Encoding   

  12  0:01  Drone  
  13  0:13  Overlord  
  13  0:18  Drone  
  14  0:31  Drone x2  
  14  0:35  Drone  
  17  0:41  Extractor  
  16  0:45  Drone  
  17  0:54  Spawning Pool  
  16  0:58  Drone  
  17  1:07  Drone  
  18  1:28  Drone, Hatchery  
  18  1:34  Drone  
  18  1:39  Overlord  
  19  1:47  Metabolic Boost  
  19  1:58  Queen  
  21  2:02  Zergling x2  
  21  2:05  Zergling x2  
  23  2:15  Drone  
  24  2:22  Drone  
  25  2:29  Roach Warren  
  24  2:44  Queen  
  24  2:49  Zergling x4  
  28  2:55  Drone x3  
  31  3:00  Queen  
  33  3:12  Overlord  
  33  3:14  Overlord  
  33  3:17  Drone  
  34  3:20  Extractor  
  34  3:21  Drone  
  34  3:26  Zergling x2  
  35  3:27  Zergling x2  
  35  3:31  Zergling x2  
  38  3:41  Zergling x8  
  40  3:51  Zergling x2  
  41  3:55  Zergling x2  
  41  3:56  Zergling x6  
  45  4:11  Lair  
  45  4:12  Drone  
  45  4:13  Drone  
  45  4:16  Spore Crawler  
  45  4:19  Spine Crawler  
  38  4:44  Drone x10  
  48  5:04  Drone  
  48  5:05  Evolution Chamber  
  48  5:08  Hatchery  
  48  5:12  Glial Reconstitution  
  47  5:32  Drone x5  
  51  5:38  Extractor  
  51  5:40  Extractor  
  46  5:55  Roach x4  
  46  5:56  Roach  
  52  5:59  Overlord x2  
  52  6:07  Spine Crawler  
  52  6:08  Overlord x3  
  52  6:09  Spine Crawler  
Show
View Real Time Build Order
Export as new Build Order

Alizee Zerg 

Build Orders: Hatch First 

Get SALT Encoding   

  12  0:01  Drone  
  13  0:08  Drone  
  14  0:18  Overlord  
  14  0:37  Drone x3  
  17  0:49  Drone  
  18  0:58  Hatchery  
  18  1:00  Drone  
  18  1:07  Extractor  
  17  1:11  Drone  
  18  1:20  Drone  
  19  1:33  Overlord  
  19  1:52  Spawning Pool  
  18  1:54  Drone x2  
  20  2:03  Drone  
  21  2:29  Hatchery  
  20  2:38  Queen x2  
  20  2:39  Metabolic Boost  
  20  2:40  Zergling x2  
  20  2:41  Zergling x8  
  29  2:49  Spine Crawler  
  28  2:56  Drone x2  
  28  2:58  Drone  
  31  3:06  Overlord  
  31  3:07  Drone  
  32  3:17  Queen  
  34  3:29  Overlord  
  34  3:45  Zergling x2  
  34  3:46  Zergling x6  
  38  3:51  Spine Crawler  
  37  3:57  Zergling x2  
  37  3:58  Zergling x6  
  41  4:08  Queen  
  43  4:11  Zergling x2  
  44  4:35  Overlord x2  
  44  4:45  Spine Crawler  
  43  4:53  Drone x3, Queen  
  43  4:55  Drone  
  49  5:15  Zergling x10  
  54  5:30  Zergling x8  
  58  5:57  Zergling x4  
  47  6:06  Zergling x10  
  47  6:10  Hatchery, Zergling x2  
  52  6:17  Zergling x2  
Show
View Real Time Build Order
Export as new Build Order

Dreamer Protoss 

Build Orders:  

Get SALT Encoding   

  12  0:01  Probe  
  13  0:19  Pylon  
  13  0:20  Probe  
  14  0:39  Gateway  
  14  0:43  Probe  
  14  0:44  Assimilator  
  15  0:55  Probe  
  15  0:56  Pylon  
  16  1:07  Probe  
  17  1:15  Gateway  
  17  1:19  Probe  
  18  1:26  Cybernetics Core  
  18  1:31  Probe  
  19  1:38  Assimilator  
  19  1:45  Probe  
  20  1:48  Warp Gate  
  20  1:57  Stalker  
  20  1:59  Gateway  
  20  2:01  Adept  
  24  2:17  Probe  
  25  2:27  Pylon  
  25  2:29  Probe  
  26  2:36  Sentry  
  28  2:49  Adept x2  
  32  3:02  Adept  
  34  3:15  Pylon  
  34  3:16  Stalker x2  
  38  3:25  Shield Battery  
  38  3:31  Pylon  
  38  4:10  Shield Battery  
  38  4:12  Pylon  
  38  4:16  Robotics Facility  
  36  4:35  Zealot x3  
  40  4:56  Immortal  
  40  5:03  Adept x3  
  50  5:33  Adept  
  52  5:39  Nexus  
  52  6:02  Stalker x2  
  52  6:03  Stalker  
  58  6:09  Pylon  
  58  6:14  Assimilator  
Tags
 
Add a new tag
Caveats
  • Supply blocks, unpowered buildings, or Contaminate may cause inaccurate times.
  • Supply counts are checked every 10 seconds.